 Dungeon Crawl Stone Soup version 0.30-a0-458-g86641cc369 (webtiles) character file.

Game seed: 16597716612786592776

5071 p00ps00p the Cleaver (level 10, -15/93 HPs)
             Began as a Hill Orc Fighter on Dec 15, 2022.
             Was an Initiate of Gozag.
             Demolished by a manticore (16 damage)
             ... on level 9 of the Dungeon.
             The game lasted 00:13:37 (8890 turns).

p00ps00p the Cleaver (Hill Orc Fighter)             Turns: 8890, Time: 00:13:37

Health: -15/93     AC: 20    Str: 24    XL:     10   Next: 56%
Magic:  10/10      EV:  8    Int:  8    God:    Gozag
Gold:   390        SH:  6    Dex: 10    Spells: 9/9 levels left

rFire   . . .      SeeInvis +    a - +1 war axe
rCold   . . .      Faith    .    c - +0 buckler
rNeg    . . .      Spirit   .    H - +1 chain mail
rPois   +          Reflect  .    w - +2 helmet {SInv}
rElec   .          Harm     .    d - +2 cloak {Will+}
rCorr   .          Rampage  .    j - +0 pair of gloves
Will    +....                    (no boots)
Stlth   ..........               (no amulet)
HPRegen 0.35/turn                l - +4 ring of slaying
MPRegen 0.12/turn                y - ring of poison resistance

@: spiked, gold aura
A: no striking features
a: Renounce Religion, Potion Petition, Call Merchant, Bribe Branch


You were on level 9 of the Dungeon.
You worshipped Gozag.
Gozag was aware of your devotion.
You visited 2 branches of the dungeon, and saw 10 of its levels.
You also visited: Ossuary.

You collected 1257 gold pieces.
You spent 363 gold pieces at shops.
You paid 504 gold pieces to Gozag.

Inventory:

Hand Weapons
 a - a +1 war axe (weapon)
 B - the +7 Throatcutter {drain, coup de grace}
   (You found it on level 5 of the Dungeon)

   A truly terrible weapon, it drains the life of any living foe it strikes.
   It may instantly kill foes which have little health.
Missiles
 u - 10 curare-tipped darts (quivered)
Armour
 c - a +0 buckler (worn)
 d - a +2 cloak of willpower (worn)
 j - a +0 pair of gloves (worn)
 w - a +2 helmet of see invisible (worn)
 H - a +1 chain mail (worn)
Jewellery
 f - a ring of resist corrosion
 l - a +4 ring of slaying (left hand)
 s - a +6 ring of intelligence
 y - a ring of poison resistance (right hand)
Wands
 t - a wand of flame (12)
 A - a wand of charming (8)
 C - a wand of roots (5)
Scrolls
 b - a scroll of magic mapping
 o - 6 scrolls of teleportation
 v - 2 scrolls of fog
 E - a scroll of blinking
Potions
 e - 5 potions of curing
 g - a potion of invisibility
 h - 3 potions of haste
 i - 4 potions of mutation
 k - 4 potions of lignification
 m - 2 potions of brilliance
 n - 2 potions of attraction
 p - 2 potions of heal wounds {unknown}
 q - 5 potions of degeneration
 x - 2 potions of magic {unknown}
 z - 2 potions of might
 D - 5 potions of ambrosia {unknown}
 G - a potion of berserk rage {unknown}


   Skills:
 + Level 9.9 Fighting
 + Level 10.3 Axes
 + Level 9.1 Armour
 + Level 9.0 Shields


You had 9 spell levels left.
You didn't know any spells.
Your spell library was empty.

Dungeon Overview and Level Annotations

Branches:
Dungeon (9/15)             Temple (1/1) D:4         Ossuary (visited)
   Lair: D:8-11         Orc: D:9-12

Altars:
Ashenzari
Dithmenos
Elyvilon
Fedhas
Gozag
Hepliaklqana
Makhleb
Nemelex Xobeh
Qazlal
Ru
Sif Muna
Trog
Uskayaw
Vehumet
Xom
Yredelemnul
Zin
The Shining One

Shops:
D:8 *[

Annotations:
D:5 2 runed translucent doors, pigah's ghost, novice OpWn


Message History

The volley of spikes hits you!
The barbed spikes become lodged in your body.
The barbs in your skin will harm you if you move.
Continue? [Y]es or [N]o only, please.
The barbs in your skin will harm you if you move.
Continue? [Y]es or [N]o only, please.
The barbs in your skin will harm you if you move.
Continue?
Okay, then.
The manticore flicks its tail.
The volley of spikes misses you.
The manticore flicks its tail.
The volley of spikes hits you!
The barbed spikes become lodged in your body.
The manticore flicks its tail.
The volley of spikes hits you!
The barbed spikes become lodged in your body.
* * * LOW HITPOINT WARNING * * *
The manticore flicks its tail.
The volley of spikes hits you but does no damage.
The manticore flicks its tail.
The volley of spikes hits you but does no damage.
The manticore flicks its tail.
The volley of spikes hits you.
The barbed spikes become lodged in your body.
* * * LOW HITPOINT WARNING * * *
The manticore flicks its tail.
The volley of spikes hits you.
The barbed spikes become lodged in your body.
* * * LOW HITPOINT WARNING * * *
You hit the manticore.
The manticore is lightly wounded.
The manticore bites you!
* * * LOW HITPOINT WARNING * * *
The manticore claws you but does no damage.
The manticore closely misses you.
You hit the manticore.
The manticore is lightly wounded.
The manticore bites you!
You die...
Your body crumbles into a pile of gold.

≈≈ ### #≈ ####...
#≈ .......
#~####.......
#~.##........
#~.##........
#~...........
#$@H.<.......
~...~≈~#..........
...#####..........
. #......)...
#........(.
#.........#
##.......##
###..####


You could see a manticore.

Vanquished Creatures
  Grinder (D:3)
  Eustachio (D:5)
  A wyvern (D:8)
  4 yaks (D:8)
  2 steam dragons
  2 water moccasins
  2 orc warriors
  2 black bears (D:6)
  3 ice beasts
  A sky beast (D:7)
  3 centaurs
  2 phantoms (D:5)
  The ghost of arthad the Digger, an amateur GrEE (D:3)
  8 kobold brigands
  Blork the orc (D:6)
  2 bullfrogs
  2 necrophages (D:5)
  3 scorpions
  3 wights (D:6)
  3 killer bees (D:8)
  An electric eel (D:9)
  3 howler monkeys (D:8)
  2 human zombies (Ossuary)
  A hound (D:6)
  Crazy Yiuf (D:3)
  6 orc priests
  4 iguanas
  4 orc wizards
  A hound zombie (Ossuary)
  4 mummies (Ossuary)
  Robin (D:2)
  7 gnolls
  12 adders
  A shadow imp (D:6)
  A white imp (D:7)
  2 ufetubi
  2 adder zombies (Ossuary)
  A worm (D:4)
  A dart slug (D:3)
  25 orcs
  3 bats (D:1)
  3 endoplasms
  2 giant cockroaches (D:1)
  10 goblins
  11 hobgoblins
  3 jackals (D:3)
  19 kobolds
  4 quokkas
  5 ball pythons
  2 frilled lizards
  3 goblin zombies
  3 hobgoblin zombies (Ossuary)
  2 kobold zombies (Ossuary)
  A quokka zombie (D:4)
  5 rats
203 creatures vanquished.

Notes
Turn   | Place    | Note
-------+----------+-------------------------------------------
     0 | D:1      | p00ps00p the Hill Orc Fighter began the quest for the Orb.
     0 | D:1      | Reached XP level 1. HP: 19/19 MP: 1/1
   322 | D:1      | Reached XP level 2. HP: 26/27 MP: 2/2
   346 | D:1      | Reached skill level 3 in Axes
   924 | D:2      | Noticed Robin
   927 | D:2      | Reached XP level 3. HP: 27/33 MP: 3/3
   934 | D:2      | Killed Robin
  1165 | D:2      | Reached XP level 4. HP: 40/40 MP: 4/4
  2130 | D:3      | Found a sparkling altar of Nemelex Xobeh.
  2176 | D:3      | Reached skill level 4 in Axes
  2217 | D:3      | Found a faded altar of an unknown god.
  2285 | D:3      | Noticed Grinder
  2285 | D:3      | Paralysed by Grinder for 2 turns
  2290 | D:3      | Paralysed by Grinder for 4 turns
  2296 | D:3      | Paralysed by Grinder for 4 turns
  2312 | D:3      | Paralysed by Grinder for 3 turns
  2318 | D:3      | Killed Grinder
  2319 | D:3      | Reached skill level 5 in Fighting
  2319 | D:3      | Reached XP level 5. HP: 12/48 MP: 5/5
  2319 | D:3      | Reached XP level 6. HP: 14/56 MP: 6/6
  2534 | D:3      | Found a runed translucent door.
  2537 | D:3      | Noticed arthad's ghost (amateur GrEE)
  2565 | D:3      | Found a runed translucent door.
  2566 | D:3      | Noticed Crazy Yiuf
  2883 | D:3      | Killed arthad's ghost
  2884 | D:3      | Reached skill level 5 in Axes
  3102 | D:3      | Killed Crazy Yiuf
  3103 | D:3      | Reached skill level 5 in Armour
  3195 | D:4      | Reached skill level 5 in Shields
  3200 | D:4      | Found a sand-covered staircase.
  3213 | Ossuary  | Entered an ossuary
  3223 | Ossuary  | Reached XP level 7. HP: 60/61 MP: 7/7
  3809 | D:4      | Found a staircase to the Ecumenical Temple.
  3885 | Temple   | Entered the Ecumenical Temple
  4032 | Temple   | Became a worshipper of Gozag Ym Sagoz the Greedy
  4445 | D:5      | Entered Level 5 of the Dungeon
  4445 | D:5      | Noticed Eustachio
  4453 | D:5      | Reached skill level 6 in Axes
  4473 | D:5      | Killed Eustachio
  4474 | D:5      | Reached XP level 8. HP: 61/71 MP: 8/8
  4645 | D:5      | Found a runed translucent door.
  4647 | D:5      | Noticed pigah's ghost (novice OpWn)
  4757 | D:5      | Reached skill level 7 in Axes
  4930 | D:5      | Found a runed translucent door.
  4978 | D:5      | Found the +7 Throatcutter {drain, coup de grace}
  4984 | D:5      | Reached XP level 9. HP: 79/79 MP: 9/9
  4993 | D:5      | Reached skill level 8 in Axes
  5093 | D:5      | Found Qiodeum's Magic Scroll Shop.
  5768 | D:6      | Found a blossoming altar of Fedhas.
  5768 | D:6      | Found a shimmering blue altar of Sif Muna.
  5865 | D:6      | Noticed Blork the orc
  5877 | D:6      | Killed Blork the orc
  6067 | D:6      | Reached skill level 9 in Axes
  7361 | D:7      | Reached XP level 10. HP: 91/91 MP: 10/10
  7769 | D:8      | Reached skill level 10 in Axes
  8000 | D:8      | Found Yschosou's Assorted Antiques.
  8006 | D:8      | Bought a scroll of teleportation for 69 gold pieces
  8006 | D:8      | Bought a scroll of teleportation for 69 gold pieces
  8046 | D:8      | Noticed a deep elf pyromancer
  8046 | D:8      | Noticed a boulder beetle
  8046 | D:8      | Noticed a centaur warrior
  8047 | D:8      | Noticed a tengu warrior
  8056 | D:8      | Noticed a boulder beetle
  8057 | D:8      | Noticed a cyclops
  8142 | D:8      | Bought a shiny helmet for 225 gold pieces
  8423 | D:9      | Noticed a manticore
  8889 | D:9      | HP: 1/93 [manticore (17)]
  8890 | D:9      | Demolished by a manticore

Illustrated notes

Levels and vault maps discovered:
D:1:      eino_arrival_water_cross, layout_basic, serial_curves, eino_curves_01,
          eino_curves_01
D:2:      layout_loops_ring, serial_glass, glass_columns_c, glass_columns_a,
          uniq_robin
D:3:      layout_basic, nemelex_diamond_rough_becter,
          hellmonk_ecumenical_altar_dog_temple, gammafunk_ghost_grave,
          grunt_decor_arrowhead, uniq_crazy_yiuf_cottage, uniq_grinder
D:4:      layout_basic, minmay_temple_entry_tees, enter_ossuary_4,
          kennysheep_windowed_goal
D:5:      layout_rooms, ebering_ghost_sewer_f, serial_shops,
          kennysheep_little_box, dilly_guarded_unrand_throatcut, uniq_eustachio
D:6:      layout_cave_pools, gammafunk_temple_overflow_elements,
          portal_sewer_entry_d, minmay_misc_feat_alley,
          chequers_serial_rivers_large_a, uniq_blork_the_orc
D:7:      layout_basic
D:8:      layout_loops_cross, serial_shops, shop, minivault_12
D:9:      layout_cave_pods, cheibrodos_worm_habitat,
          lemuel_zombie_altar_kikubaaqudgha, kennysheep_okawaru_gauntlet,
          minmay_orc_keep
Temple:   nicolae_temple_superstar

Skill      XL: |  1  2  3  4  5  6  7  8  9 10 |
---------------+-------------------------------+-----
Axes           | 3 4 5 6 7 9 10 | 10.3
Fighting       | 4 5 6 7 9 |  9.9
Armour         | 4 5 6 8 9 |  9.1
Shields        | 4 5 6 8 9 |  9.0

Action                   |  1- 3 |  4- 6 |  7- 9 | 10-12 || total
-------------------------+-------+-------+-------+-------++-------
Melee: War axe           |    77 |   116 |   275 |    29 ||   497
       Long sword        |       |       |       |    67 ||    67
Invok: Call Merchant     |       |       |       |     1 ||     1
Evoke: Wand              |       |     3 |       |       ||     3
  Use: Scroll            |     5 |     7 |     7 |     5 ||    24
       Potion            |       |     2 |       |       ||     2
 Stab: Distracted        |       |       |     2 |     1 ||     3
Armor: Scale mail        |    55 |    75 |   162 |       ||   292
       Chain mail        |       |       |     5 |    93 ||    98
Dodge: Dodged            |    49 |    63 |   114 |    53 ||   279
Block: Buckler           |    15 |    24 |    65 |    30 ||   134

Table legend: (Time is in decaauts)
 A = Elapsed time spent in this place.
 B = Non-inter-level travel time spent in this place.
 C = Inter-level travel time spent in this place.
 D = Time resting spent in this place.
 E = Time spent auto-exploring this place.
 F = Levels seen in this place.
 G = Mean time per level.
                   A        B        C        D        E       F      G
               +--------+--------+--------+--------+--------+-----+--------+
         Total |   9048 |   8760 |    288 |   1054 |   6102 |  11 |  822.5 |
       Dungeon |   8625 |   8389 |    236 |   1054 |   5840 |   9 |  958.3 |
        Temple |    172 |    121 |     51 |      0 |    100 |   1 |  172.0 |
       Ossuary |    250 |    250 |      0 |      0 |    162 |   1 |  250.0 |
               +--------+--------+--------+--------+--------+-----+--------+

Top non-repeatable levels by time:
     D:8: 1310 daAuts
     D:3: 1231 daAuts
     D:7: 1156 daAuts
     D:5: 1111 daAuts
     D:2: 1071 daAuts
     D:1: 924 daAuts
     D:6: 915 daAuts
     D:4: 878 daAuts
 Ossuary: 250 daAuts
  Temple: 172 daAuts
     D:9: 26 daAuts
